[Event "*** Titled Tuesday Blitz"]
[Site "Chess.com"]
[Date "2021.02.16"]
[Round "1"]
[White "Sergey85Rodchenkov"]
[Black "bylavochka"]
[Result "1-0"]
[WhiteElo "2490"]
[BlackElo "2078"]
[TimeControl "180+1"]
[EndTime "10:06:56 PST"]
[Termination "Sergey85Rodchenkov won by resignation"]

1. e4 e5 2. Nf3 Nc6 3. Bc4 Nf6 4. d3 h6 5. O-O d6 6. c3 Be7 7.
Re1 O-O 8. Nbd2 Re8 9. b4 Bf8 10.
a4 a6 11. Bb2 Be6 12. Bxe6 fxe6 13. b5 Na5 14. c4 b6 15. Bc3 Nb7 16. Nb3 a5 17. d4 exd4 18. Nbxd4 e5 19. Nc6 Qc8 20. Nd2 Nc5 21. Qf3 Qg4 22. Qxg4 Nxg4 23. f3 Nf6 24. Nf1 g6 25. Ne3 Kg7 26. Red1 Rac8 27. Nd5 Nxd5 28. cxd5 Be7 29. g3 Bf6 30. Kg2 Kf7 31.
h4 g5 32. h5 Rg8 33. g4 Rge8 34.
Kf2 Rf8 35. Ke2 Ke8 36. Rf1 Kd7 37. Bb2 Be7 38. Bc1 Rf7 39. Be3 Rcf8 40. Bxc5 bxc5 41. Nxa5 Ra8 42. Nc6 Rff8 43. a5 Bf6 44. Kd3 Bg7 45. Kc4 Rfc8 46. Ra3 Bf6 47. Rfa1 Re8 48. b6 Rec8 49.
b7 1-0

[Event "*** Titled Tuesday Blitz"]
[Site "Chess.com"]
[Date "2021.02.16"]
[Round "1"]
[White "QuintilianoR"]
[Black "Hangar-18"]
[Result "1-0"]
[WhiteElo "2714"]
[BlackElo "2382"]
[TimeControl "180+1"]
[EndTime "10:06:57 PST"]
[Termination "QuintilianoR won on time"]

1. Nf3 d5 2. e3 Nf6 3. c4 c6 4. Nc3 g6 5. d4 Bg7 6. Be2 O-O 7.
O-O Nbd7 8. cxd5 cxd5 9. Qb3 Nb6 10. a4 Rb8 11. Bd2 Bg4 12. h3 Bxf3 13. Bxf3 e6 14. Be2 Nc8 15. Rfc1 Nd6 16. Nb5 a6 17. Nxd6 Qxd6 18. Bb4 Qb6 19. a5 Qd8 20. Bxf8 Bxf8 21. Qb6 Bd6 22. Qxd8+ Rxd8 23. Rc3 Ne4 24. Rb3 Rd7 25.
f3 Ng3 26. Bd3 Kg7 27. Kf2 h5 28. Rc1 h4 29. Rb6 e5 30. dxe5 Bxe5 31. f4 Bd6 32. b4 Kf8 33. b5 axb5 34. Bxb5 Rd8 35. Rxb7 Ne4+ 36. Kg1 d4 37. exd4 Bxf4 38. Re1 Rxd4 39. Rd7 Rb4 40. Bc6 Nf6 41. Rb7 Rc4 42. a6 Rxc6 43.
a7 Rc8 44. Reb1 Ra8 45. Rb8+ Bxb8 46. axb8=Q+ Rxb8 47. Rxb8+ Kg7 48. Kf2 Nh5 49. Kf3 g5 50.
Kg4 f6 51. Kf5 Ng3+ 52. Ke6 Kg6 53. Rg8+ 1-0

[Event "*** Titled Tuesday Blitz"]
[Site "Chess.com"]
[Date "2021.02.16"]
[Round "1"]
[White "kleopl"]
[Black "FMOlexandrProhorov"]
[Result "0-1"]
[WhiteElo "2477"]
[BlackElo "2104"]
[TimeControl "180+1"]
[EndTime "10:06:57 PST"]
[Termination "FMOlexandrProhorov won by checkmate"]

1. e4 e6 2. d4 d5 3. Nd2 Nc6 4. c3 e5 5. exd5 Qxd5 6. dxe5 Qxe5+ 7. Be2 Bc5 8. Ngf3 Qe7 9. O-O Nf6 10. Bb5 O-O 11.
Bxc6 bxc6 12. Nb3 Bd6 13. Bg5 Bg4 14. h3 Bh5 15. Nbd4 Qd7 16. Bxf6 gxf6 17. Re1 Rab8 18. b3 c5 19. Nc2 Qc6 20. Re3 Bf4 21. Rd3 Bg6 22.
Rd2 Bxd2 23. Qxd2 Rbd8 24. Qc1 Kg7 25. Ne3 Rfe8 26. Nh4 Qe4 27. Nf3 Qd3 28. c4 a5 29.
Nd5 c6 30. Nf4 Qe4 31. Nh4 Qd4 32. g3 Qd2 33. Qa3 Re1+ 34. Rxe1 Qxe1+ 35. Kh2 Qxf2+ 36. Nfg2 Rd1 37. g4 Qg1+ 38. Kg3 Rd3+ 39.
Kf4 Qf2+ 40. Nf3 Qxf3# 0-1

[Event "*** Titled Tuesday Blitz"]
[Site "Chess.com"]
[Date "2021.02.16"]
[Round "1"]
[White "Chesseyat004"]
[Black "Sir_Frankie_Crisp"]
[Result "0-1"]
[WhiteElo "2470"]
[BlackElo "2183"]
[TimeControl "180+1"]
[EndTime "10:06:57 PST"]
[Termination "Sir_Frankie_Crisp won by checkmate"]

1. e4 c5 2. Nf3 d6 3. d4 cxd4 4. Nxd4 Nf6 5. Nc3 Nc6 6. Bg5 Bd7 7. Qd2 a6 8. O-O-O e6 9. f4 b5 10. Nf3 b4 11. Bxf6 Qxf6 12. Ne2 Qd8 13. Ned4 Be7 14. g4 Qb6 15. g5 O-O 16. h4 Rfc8 17. Kb1 Nxd4 18.
Nxd4 a5 19. Bh3 a4 20. f5 b3 21. cxb3 e5 22. f6 exd4 23. Bxd7 axb3 24. Bxc8 Rxa2 25. Be6 Ra1+ 26. Kxa1 Qa7+ 27. Kb1 Qa2+ 28. Kc1 Qa1# 0-1

[Event "*** Titled Tuesday Blitz"]
[Site "Chess.com"]
[Date "2021.02.16"]
[Round "1"]
[White "anon481216"]
[Black "Anton_Demchenko"]
[Result "0-1"]
[WhiteElo "2452"]
[BlackElo "2912"]
[TimeControl "180+1"]
[EndTime "10:06:58 PST"]
[Termination "Anton_Demchenko won by resignation"]

1. d4 Nf6 2. c4 g6 3. g3 Bg7 4. Bg2 O-O 5. Nc3 d6 6. Nf3 Nbd7 7. O-O e5 8. e4 exd4 9. Nxd4 Nc5 10. Re1 Re8 11. h3 a5 12. b3 h6 13. Bb2 a4 14.
b4 a3 15. Bc1 Ne6 16. Be3 Ng5 17. Bxg5 hxg5 18. Qd2 g4 19. h4 Nd7 20. Rac1 Ne5 21.
Nd5 c6 22. Nf4 Qb6 23. c5 dxc5 24. bxc5 Qa5 25. Qxa5 Rxa5 26. Nb3 Ra4 27. Rcd1 Bf8 28. Re3 Rc4 29. Nd3 Nf3+ 30. Bxf3 gxf3 31. e5 Bg4 32.
Rd2 Rc3 33. Re4 Be6 34. Ndc1 Bxc5 35. Kh2 Bf8 36. Ra4 b5 37. Ra6 b4 38. Rd3 Rc2 39. Rxf3 Bd5 40. Rf6 Bg7 41. Rd6 Bxe5 42. Rd7 Rxf2+ 43.
Kh3 Be6+ 0-1

[Event "*** Titled Tuesday Blitz"]
[Site "Chess.com"]
[Date "2021.02.16"]
[Round "1"]
[White "JoakimVonAnd"]
[Black "MarkoPe"]
[Result "1-0"]
[WhiteElo "2542"]
[BlackElo "2218"]
[TimeControl "180+1"]
[EndTime "10:06:58 PST"]
[Termination "JoakimVonAnd won by resignation"]

1. d4 d5 2. Nf3 e6 3. e3 Nf6 4. Bd3 Bd6 5. O-O O-O 6. Qe2 c5 7. dxc5 Bxc5 8. Nbd2 Nc6 9. a3 a5 10. b3 e5 11. e4 Nd4 12. Nxd4 Bxd4 13. Rb1 Bg4 14. Qe1 Qb6 15. exd5 Nxd5 16. Nc4 Qc5 17. b4 axb4 18. axb4 Qc6 19. Nxe5 Bxe5 20. Qxe5 Rfe8 21. Qg3 Be2 22. Bxe2 Rxe2 23. Be3 Nxe3 24. fxe3 Qxc2 25. Rbc1 Qe4 26. Qf3 Qxe3+ 27. Qxe3 Rxe3 28. Rc7 Re2 29. Rfxf7 Ra1+ 30. Rf1 Rxf1+ 31. Kxf1 Rb2 32. Rxb7 h6 33.
b5 Kh7 34. b6 Kg6 35. Rb8 Kf7 36. b7 h5 37. Ke1 g5 38. Rh8 Rxb7 39. Rh7+ 1-0

[Event "*** Titled Tuesday Blitz"]
[Site "Chess.com"]
[Date "2021.02.16"]
[Round "1"]
[White "FontVella8"]
[Black "mirochka"]
[Result "1/2-1/2"]
[WhiteElo "2568"]
[BlackElo "2268"]
[TimeControl "180+1"]
[EndTime "10:06:59 PST"]
[Termination "Game drawn by repetition"]

1. d4 Nf6 2. Nf3 d5 3. Bf4 g6 4. e3 Bg7 5. h3 c5 6. c3 Nc6 7. Ne5 Nd7 8. Nxc6 bxc6 9. Nd2 cxd4 10. exd4 e5 11. dxe5 Nxe5 12. Nf3 Nxf3+ 13. Qxf3 Qe7+ 14. Be2 Ba6 15. Kd2 Bxe2 16. Qxe2 Qxe2+ 17. Kxe2 Kd7 18. Kd3 Rhe8 19. Rhe1 f5 20. b3 Re4 21. Bg3 Rae8 22. f3 Rxe1 23. Rxe1 Rxe1 24. Bxe1 Ke6 25. Bf2 a6 26. c4 h5 27. Bd4 Bf8 28. b4 Bxb4 29. c5 Be1 30. a4 Ba5 31. Bf2 Bb4 32. Kd4 Ba3 33. Bg3 Bb2+ 34. Kd3 Be5 35. Bf2 Bc7 36. Kd4 Ba5 37. Kd3 f4 38. Bh4 Bc7 39. Bf2 Be5 40. Be1 d4 41. Kc4 g5 42. Bf2 d3 43. Be1 Bf6 44.
Bd2 Bb2 45. Bb4 Bc1 46. Kxd3 Kd5 47. Bc3 Be3 48. Bf6 Bxc5 49. Bxg5 Bd6 50. Bf6 c5 51.
Bc3 c4+ 52. Kc2 Be5 53. Bd2 Bd6 54. Bc3 Bc7 55. Bd2 Bd6 56. Bc3 1/2-1/2

[Event "*** Titled Tuesday Blitz"]
[Site "Chess.com"]
[Date "2021.02.16"]
[Round "1"]
[White "tylityli"]
[Black "KonstantinB_1983"]
[Result "0-1"]
[WhiteElo "2229"]
[BlackElo "2549"]
[TimeControl "180+1"]
[EndTime "10:06:59 PST"]
[Termination "KonstantinB_1983 won on time"]

1. d4 Nf6 2. c4 Ng8 3. Nc3 Nf6 4. e4 d6 5. Nge2 c6 6. Ng3 Nbd7 7. Be2 e5 8. d5 Be7 9. O-O a6 10. Be3 g6 11. Bh6 Nc5 12. f4 Qb6 13.
Kh1 Qxb2 14. Rc1 Rg8 15. fxe5 dxe5 16. d6 Bd8 17. Rc2 Qa3 18. Bg5 Ncd7 19. Be3 b6 20.
Qd2 Bb7 21. h3 h5 22. Bg5 h4 23. Bxh4 Nxe4 24. Ncxe4 Bxh4 25. Rf3 Qa4 26. c5 b5 27. Bd3 f5 28. Ng5 O-O-O 29. Ne6 Rde8 30. Nc7 e4 31. Nxe8 Rxe8 32. Re3 Bg5 33. Nf1 Ne5 34. Be2 Kd7 0-1

[Event "*** Titled Tuesday Blitz"]
[Site "Chess.com"]
[Date "2021.02.16"]
[Round "1"]
[White "ARTHURMOTIVATOR"]
[Black "Aygehovit1992"]
[Result "1-0"]
[WhiteElo "2329"]
[BlackElo "2597"]
[TimeControl "180+1"]
[EndTime "10:07:00 PST"]
[Termination "ARTHURMOTIVATOR won by resignation"]

1. e4 c5 2. Nf3 d6 3. d4 cxd4 4. Nxd4 Nf6 5. Nc3 Nc6 6. Bg5 Bd7 7. Bxf6 gxf6 8. Be2 Nxd4 9. Qxd4 Rc8 10. O-O Qa5 11. a4 Qc5 12. Qd2 Rg8 13. Bb5 h5 14. Bxd7+ Kxd7 15. Ra3 h4 16. Rb3 b6 17. a5 Qh5 18.
Nd5 h3 19. g3 b5 20. a6 Rc5 21. f4 Bh6 22. Rd1 Rgc8 23. c4 Rxc4 24. Rxb5 Rc2 25. Nxf6+ Kd8 26. Rxh5 Rxd2 27. Rxd2 Bg7 28. Nd5 Rc1+ 29.
Kf2 e6 30. Nc3 Bxc3 31. Rh7 1-0

[Event "*** Titled Tuesday Blitz"]
[Site "Chess.com"]
[Date "2021.02.16"]
[Round "1"]
[White "Firouzja2003"]
[Black "BairaKovanova"]
[Result "1-0"]
[WhiteElo "3078"]
[BlackElo "2469"]
[TimeControl "180+1"]
[EndTime "10:07:02 PST"]
[Termination "Firouzja2003 won on time"]

1. d4 Nf6 2. Bg5 d5 3. e3 Nbd7 4. c4 e6 5. Nc3 Be7 6. Nf3 h6 7. Bh4 c6 8. Rc1 O-O 9. Bd3 a6 10. O-O dxc4 11. Bxc4 b5 12. Bd3 c5 13. Bxf6 Bxf6 14.
Ne4 c4 15. Bb1 Bb7 16. Qc2 g6 17. b3 Nb6 18. Qe2 Bg7 19. Nc5 Bd5 20. Rfd1 cxb3 21. axb3 Bxf3 22. Qxf3 Nd5 23. Be4 Qd6 24. Ra1 Rfc8 25.
Bxd5 exd5 26. b4 Bf8 27. Ra3 Qb6 28. Rda1 Bxc5 29. dxc5 Qc6 30. Rd1 Rd8 31. Ra5 Rd7 32.
Rd4 Rad8 33. h4 h5 34. Qd1 Re8 35. Qa1 Re6 36. Ra3 Kh7 37. Rad3 Re8 38. Qa2 Re5 39. e4 Rxe4 40. Rxe4 dxe4 41. Rd6 Qc7 42. Qxa6 Re7 43.
Qxb5 e3 44. fxe3 Qc8 45. Qd3 Qg4 46. Rd4 Qe6 47. Rf4 Qa2 48. c6 Qa1+ 49. Kh2 Qc1 50. b5 Qc5 51. Qc4 1-0

[Event "*** Titled Tuesday Blitz"]
[Site "Chess.com"]
[Date "2021.02.16"]
[Round "1"]
[White "Azde"]
[Black "12teen"]
[Result "0-1"]
[WhiteElo "2436"]
[BlackElo "2863"]
[TimeControl "180+1"]
[EndTime "10:07:02 PST"]
[Termination "12teen won on time"]

1. d4 Nf6 2. c4 b6 3. Nc3 Bb7 4. Nf3 e6 5. Qc2 d5 6. Bg5 dxc4 7. e3 a6 8. a4 Nbd7 9. Bxc4 Be7 10. Rd1 O-O 11.
O-O h6 12. Bh4 Rc8 13. Qe2 Ra8 14. Bxf6 Nxf6 15. e4 Bb4 16. Bd3 Qe7 17. Rfe1 c5 18.
dxc5 Bxc5 19. e5 Ng4 20. Ne4 Bxe4 21. Qxe4 Bxf2+ 22. Kf1 f5 23. exf6 Nxf6 24. Qxe6+ Qxe6 25. Rxe6 Bc5 26. b4 Bxb4 27. Rxb6 a5 28. h3 Kh8 29. Rb7 Rad8 30. Be2 Nd5 31. Kf2 Bc5+ 32. Kg3 Nc3 33.
Re1 Ne4+ 34. Kh2 Bf2 35. Rd1 Bg3+ 36. Kg1 Nc3 37. Rxd8 Rxd8 38. Kf1 Nd5 39. Bb5 Nc3 40. Be2 Rc8 41. Rb2 Nd5 42. Rb1 Rc2 43. Bb5 Ne3+ 44. Kg1 Rxg2+ 45. Kh1 Rf2 0-1

[Event "*** Titled Tuesday Blitz"]
[Site "Chess.com"]
[Date "2021.02.16"]
[Round "1"]
[White "DenLaz"]
[Black "ridnani2021"]
[Result "1-0"]
[WhiteElo "2779"]
[BlackElo "2410"]
[TimeControl "180+1"]
[EndTime "10:07:03 PST"]
[Termination "DenLaz won by resignation"]

1. d4 Nf6 2. c4 g6 3. g3 Bg7 4.
Bg2 O-O 5. Nf3 d6 6. Nc3 Nbd7 7. O-O e5 8. e4 c6 9. h3 exd4 10. Nxd4 Qa5 11. Re1 Ne5 12. Bf1 c5 13. Nb3 Qb6 14. f4 Nc6 15. Be3 Rd8 16. Qd2 a5 17. Nc1 Ne8 18.
Rb1 Nc7 19. b3 Nd4 20. Kg2 Be6 21. N1e2 Bd7 22. Red1 Nxe2 23. Bxe2 Bc6 24. Bf3 Ne6 25. Ne2 Qc7 26. f5 Nf8 27. Bg5 f6 28. Bf4 gxf5 29. exf5 Bxf3+ 30. Kxf3 Qc6+ 31. Qd5+ Qxd5+ 32. Rxd5 Nd7 33. Rxd6 Ne5+ 34. Bxe5 fxe5 35. Rbd1 Rxd6 36. Rxd6 a4 37. Rb6 axb3 38. axb3 Ra7 39. Nc3 Bf8 40. Ne4 Kf7 41. g4 Be7 42. g5 Ra1 43. Rxb7 Rf1+ 44. Ke2 Rf4 45. Nd6+ Kf8 46. Rb8+ Kg7 47. f6+ Bxf6 48. Ne8+ Kg6 49. gxf6 Re4+ 50. Kf3 Rf4+ 51. Kg3 h5 52. Rb7 h4+ 53. Kg2 e4 54. Rg7+ Kf5 55. Rg4 Rf3 56. f7 Ke5 57. Rg7 Ke6 58. Nc7+ Ke7 59. Nd5+ Kf8 60.
Rg4 Kxf7 61. Rxe4 Rxb3 62. Rxh4 Rb2+ 63. Kf3 Rb3+ 64. Ke4 Kg6 65. Ke5 Rb1 66. Kd6 Re1 67. Kxc5 1-0

[Event "*** Titled Tuesday Blitz"]
[Site "Chess.com"]
[Date "2021.02.16"]
[Round "1"]
[White "GM_LOADING"]
[Black "Alexander_Zubov"]
[Result "0-1"]
[WhiteElo "2467"]
[BlackElo "3010"]
[TimeControl "180+1"]
[EndTime "10:07:04 PST"]
[Termination "Alexander_Zubov won by resignation"]

1. d4 Nf6 2. Nf3 e6 3. Bg5 h6 4. Bxf6 Qxf6 5. e4 d6 6. Nbd2 e5 7. dxe5 dxe5 8. Be2 Bc5 9. O-O O-O 10. c3 a5 11. Nc4 Nd7 12. a4 Qe7 13. Qc2 b6 14. Rad1 Bb7 15. Rfe1 Rad8 16. Bf1 g6 17. Rd2 Kg7 18.
h3 Rfe8 19. Bd3 Qe6 20. Red1 Be7 21. Ne3 Nc5 22. Bc4 Qc8 23. Bd5 c6 24. Ba2 Qc7 25. b4 Na6 26. Qb3 Rf8 27. bxa5 bxa5 28. Rxd8 Bxd8 29. Nc4 Nc5 30. Qc2 Bf6 31. Nd6 Ba6 32. Qb2 Rd8 33. Qd2 Be7 34. Nxe5 Rxd6 0-1

[Event "*** Titled Tuesday Blitz"]
[Site "Chess.com"]
[Date "2021.02.16"]
[Round "1"]
[White "WilliamSchill"]
[Black "crazy_but_lazy"]
[Result "0-1"]
[WhiteElo "2060"]
[BlackElo "2488"]
[TimeControl "180+1"]
[EndTime "10:07:04 PST"]
[Termination "crazy_but_lazy won on time"]

1. e4 c5 2. Nf3 d6 3. d4 cxd4 4. Nxd4 Nf6 5. Nc3 a6 6. Bg5 e6 7.
f4 Nc6 8. Nxc6 bxc6 9. e5 h6 10. Bh4 g5 11. fxg5 Nd5 12. Ne4 dxe5 13. Nf6+ Nxf6 14. Qxd8+ Kxd8 15. gxf6 Kc7 16. Be2 Bc5 17. O-O-O a5 18. Bh5 Rf8 19. Rhe1 Bb7 20. Bg3 Bd6 21. Bxe5 Bxe5 22. Rxe5 a4 23. Re3 Ra5 24. Bf3 Rf5 25. Red3 Rxf6 26. Rd7+ Kb6 27. Re7 a3 28. b3 Rf4 29.
Rdd7 Ba6 0-1

[Event "*** Titled Tuesday Blitz"]
[Site "Chess.com"]
[Date "2021.02.16"]
[Round "1"]
[White "Fighter008"]
[Black "MariaFominykh"]
[Result "1-0"]
[WhiteElo "2587"]
[BlackElo "2273"]
[TimeControl "180+1"]
[EndTime "10:07:05 PST"]
[Termination "Fighter008 won on time"]

1. e4 e6 2. d4 d5 3. Bd3 dxe4 4. Bxe4 Nf6 5. Bf3 Be7 6. Nc3 O-O 7. Nge2 c5 8. Bg5 cxd4 9. Qxd4 Qxd4 10. Nxd4 a6 11.
O-O-O Nbd7 12. Rhe1 Bb4 13. Bd2 Nb6 14. a3 Bc5 15.
Bg5 Nc4 16. Re2 Nd7 17. Nb3 Ba7 18. Be4 f6 19. Bh4 Nc5 20. Nxc5 Bxc5 21. Bg3 Kf7 22. Bd3 Nb6 23. h4 e5 24. Ne4 Be7 25. f4 exf4 26.
Bxf4 Bg4 27. Nd6+ Bxd6 28. Bxd6 Bxe2 29. Bxe2 Rfd8 30. Bf3 Rd7 31. c4 Rad8 32. c5 Nc8 33.
Bd5+ Kg6 34. Be6 Rxd6 35. cxd6 Nxd6 36. Kb1 b5 37. g4 h5 38. gxh5+ Kxh5 39. Rd4 Nb7 40.
Rf4 Rd6 41. Bf7+ Kh6 42. h5 g5 43. hxg6 Kg7 44. Rh4 Nc5 45. Rh7+ Kf8 46. Rh8+ Kg7 47.
Rc8 1-0

[Event "*** Titled Tuesday Blitz"]
[Site "Chess.com"]
[Date "2021.02.16"]
[Round "1"]
[White "novocane"]
[Black "lukas_111111"]
[Result "0-1"]
[WhiteElo "2262"]
[BlackElo "2583"]
[TimeControl "180+1"]
[EndTime "10:07:05 PST"]
[Termination "lukas_111111 won on time"]

1. d4 Nf6 2. c4 e6 3. Nc3 Bb4 4. e3 O-O 5. Ne2 b6 6. a3 Be7 7. Ng3 Bb7 8. Bd3 c5 9. d5 d6 10.
O-O Nbd7 11. e4 Ne5 12. Be2 a6 13. f4 Ng6 14. Be3 exd5 15. cxd5 b5 16. b4 cxb4 17. axb4 Rc8 18. Qd2 Nd7 19. Nf5 Bf6 20. Rac1 Nb6 21. Kh1 Nc4 22. Bxc4 Rxc4 23. Bd4 Bxd4 24. Nxd4 Qc7 25.
Ncxb5 axb5 26. Nxb5 Rxc1 27. Rxc1 Qb6 28. Nd4 Ne7 29. h3 h6 30. Nc6 Re8 31. Nxe7+ Rxe7 32. Qc3 Rxe4 0-1

[Event "*** Titled Tuesday Blitz"]
[Site "Chess.com"]
[Date "2021.02.16"]
[Round "1"]
[White "volunteers1998"]
[Black "Squirlolz"]
[Result "0-1"]
[WhiteElo "2085"]
[BlackElo "2493"]
[TimeControl "180+1"]
[EndTime "10:07:05 PST"]
[Termination "Squirlolz won by resignation"]

1. e4 c5 2. Nf3 a6 3. d4 cxd4 4. Nxd4 e5 5. Nb3 Nf6 6. Nc3 Bb4 7. Bg5 Bxc3+ 8. bxc3 Qc7 9. Bd3 Qxc3+ 10. Qd2 Qxd2+ 11. Nxd2 d6 12. O-O Nbd7 13. Nc4 Ke7 14. Ne3 Nb6 15. a4 Be6 16. a5 Nd7 17. Rab1 Nc5 18. f4 exf4 19.
Rxf4 Rac8 20. Nd5+ Bxd5 21. exd5 Rhe8 22. Bf5 Rc7 23.
Re1+ Kf8 24. Rxe8+ Nxe8 25. Bd8 g6 26. Bxc7 Nxc7 27.
Be4 Ke7 28. Bf3 f5 29. h4 Kf6 30. h5 Ke5 31. Rb4 g5 32. g3 h6 33. Rb6 Nb5 34. c4 Nd4 35. Kg2 Ndb3 36. Bd1 Nxa5 37. Kf3 Nxc4 38.
Rb1 b5 39. Be2 Nd2+ 0-1

[Event "*** Titled Tuesday Blitz"]
[Site "Chess.com"]
[Date "2021.02.16"]
[Round "1"]
[White "Yurovskykh_Oleksandr"]
[Black "niki_2003"]
[Result "1-0"]
[WhiteElo "2481"]
[BlackElo "2014"]
[TimeControl "180+1"]
[EndTime "10:07:05 PST"]
[Termination "Yurovskykh_Oleksandr won by checkmate"]

1. d4 Nf6 2. Nf3 e6 3. Bf4 d5 4.
e3 Bd6 5. Bg3 O-O 6. Nbd2 c6 7.
c4 Bc7 8. Bd3 Nbd7 9. Qe2 Re8 10. Ne5 c5 11. O-O Nxe5 12. dxe5 Nd7 13. f4 f5 14.
cxd5 exd5 15. Bxf5 Nf8 16. Bxc8 Rxc8 17. e4 d4 18. Qc4+ Kh8 19. Nf3 a6 20. a4 Ng6 21.
Rad1 Bb6 22. Ng5 Nxe5 23. fxe5 Qxg5 24. Rf3 Rf8 25. Rdf1 Rxf3 26. Rxf3 h6 27. h3 Qd2 28. b3 Qb4 29. Qe6 Rc7 30. Qe8+ Kh7 31. Rf8 g5 32. Rh8+ Kg7 33. Qg8# 1-0

[Event "*** Titled Tuesday Blitz"]
[Site "Chess.com"]
[Date "2021.02.16"]
[Round "1"]
[White "Isajevsky_Anton"]
[Black "LamaChampetre"]
[Result "1-0"]
[WhiteElo "2541"]
[BlackElo "2217"]
[TimeControl "180+1"]
[EndTime "10:07:06 PST"]
[Termination "Isajevsky_Anton won on time"]

1. c4 g6 2. g3 Bg7 3. Bg2 c5 4. Nc3 Nc6 5. Rb1 e6 6. a3 Nge7 7. b4 cxb4 8. axb4 O-O 9. Nf3 d5 10. b5 Na5 11. c5 a6 12. O-O axb5 13. Nxb5 Nc4 14. d3 Ne5 15. Nxe5 Bxe5 16. d4 Bg7 17. Bf4 Nf5 18. e3 Bd7 19. Nd6 Ba4 20. Qe2 Bc6 21. Nxf5 gxf5 22. g4 fxg4 23. Qxg4 Qf6 24. Kh1 Qg6 25. Qh3 Ra2 26. Rg1 Rxf2 27. Bf3 1-0

[Event "*** Titled Tuesday Blitz"]
[Site "Chess.com"]
[Date "2021.02.16"]
[Round "1"]
[White "juancruzarias"]
[Black "AsaHoffmann"]
[Result "1-0"]
[WhiteElo "2643"]
[BlackElo "2341"]
[TimeControl "180+1"]
[EndTime "10:07:07 PST"]
[Termination "juancruzarias won by resignation"]

1. d4 Nf6 2. Nf3 d6 3. c3 b6 4. Bg5 Nbd7 5. Nbd2 Bb7 6. e3 e5 7. Bc4 Be7 8. O-O O-O 9. a4 a6 10. b4 c5 11. Qb3 cxd4 12. cxd4 Rc8 13. Rfc1 h6 14.
Bh4 exd4 15. exd4 Re8 16. Bxf7+ Kh8 17. Bxe8 Qxe8 18. Rxc8 Qxc8 19. Re1 Bd5 20. Qd3 Bd8 21. h3 a5 22. b5 Nf8 23. Bg3 Bc7 24. Nc4 Qd7 25.
Nfd2 Bf7 26. Ne3 Bg6 27. Qc4 Bd8 28. Qc6 Qe6 29. Qxd6 Be7 30. Qxe6 Nxe6 31. d5 Ng5 32.
Nec4 Bb4 33. d6 Bf5 34. Re7 Nd5 35. Re8+ Kh7 36. Nb3 Bc2 37. Nd4 Nf6 38. Re7 Bd3 39. Nxb6 Bc5 40. Be5 Kg6 41. Nd7 Bb4 42. Nxf6 gxf6 43.
Bg3 Ne4 44. Rxe4 Bxe4 45. d7 Be7 46. Nc6 1-0

[Event "*** Titled Tuesday Blitz"]
[Site "Chess.com"]
[Date "2021.02.16"]
[Round "1"]
[White "anon102030"]
[Black "Manukyan_Artak"]
[Result "1-0"]
[WhiteElo "2719"]
[BlackElo "2384"]
[TimeControl "180+1"]
[EndTime "10:07:08 PST"]
[Termination "anon102030 won by resignation"]

1. e4 c6 2. Nc3 d5 3. d3 e5 4.
g3 Nf6 5. Bg2 d4 6. Nce2 c5 7. f4 Ng4 8. h3 Ne3 9. Bxe3 dxe3 10.
Nf3 exf4 11. Nxf4 Nc6 12. c3 Bd6 13. Qe2 g5 14. Nh5 g4 15. hxg4 Bxg4 16. Nf4 Bxf4 17. gxf4 Qb6 18. O-O-O O-O-O 19. Qxe3 h5 20. Bh3 Kb8 21.
Bxg4 hxg4 22. Ng5 Qc7 23. e5 Ne7 24. Ne4 Nf5 25. Qxc5 Qxc5 26. Nxc5 g3 27. Rhg1 Rh2 28.
Ne4 Rg8 29. Rd2 Rg6 30. Ng5 f6 31. exf6 Rxf6 32. Rxh2 gxh2 33. Rh1 Ng3 34. Rxh2 Rxf4 35. Rh8+ Kc7 36. Ne6+ 1-0

[Event "*** Titled Tuesday Blitz"]
[Site "Chess.com"]
[Date "2021.02.16"]
[Round "1"]
[White "DJojua"]
[Black "Vamostodorecto"]
[Result "1-0"]
[WhiteElo "2816"]
[BlackElo "2422"]
[TimeControl "180+1"]
[EndTime "10:07:10 PST"]
[Termination "DJojua won by resignation"]

1. d4 Nf6 2. c4 c5 3. d5 e6 4. Nc3 exd5 5. cxd5 d6 6. Nf3 g6 7. h3 Bg7 8. e4 O-O 9. Bd3 a6 10. a4 Re8 11. O-O Nbd7 12. Re1 Qc7 13. Bf4 Nh5 14. Bh2 Ne5 15. Be2 Nxf3+ 16. Bxf3 Nf6 17. e5 dxe5 18.
d6 Qb6 19. Bxe5 Rd8 20. a5 Qa7 21. Na4 Be6 22. Nb6 Nd7 23. Bxg7 Kxg7 24. Nxa8 Qxa8 25. Bd5 Nf8 26. Bxe6 Nxe6 27. Qd5 Qc8 28. Rad1 Rd7 29. Qe5+ Kg8 30. f4 Qd8 31. Rf1 Nd4 32. Qxc5 Rxd6 33. Kh1 Nf5 34. Rxd6 Qxd6 35. Qxd6 Nxd6 36. Rc1 Kg7 37.
Rd1 Nc4 38. b4 Ne3 39. Rd7 Kf6 40. Rxb7 Nd5 41. b5 axb5 42. a6 1-0

[Event "*** Titled Tuesday Blitz"]
[Site "Chess.com"]
[Date "2021.02.16"]
[Round "1"]
[White "Artem_Sadovsky"]
[Black "Cuajada_Zero"]
[Result "1-0"]
[WhiteElo "2572"]
[BlackElo "2257"]
[TimeControl "180+1"]
[EndTime "10:07:10 PST"]
[Termination "Artem_Sadovsky won by checkmate"]

1. Nf3 d5 2. c4 e6 3. b3 Nf6 4. Bb2 Be7 5. e3 O-O 6. Be2 c5 7. O-O Nc6 8. cxd5 exd5 9. d4 b6 10. Nc3 Bb7 11. Rc1 Rc8 12. dxc5 bxc5 13. Na4 Nb4 14. a3 Na6 15. Ne5 Bd6 16. f4 Qe7 17. Bf3 Ne4 18. Bxe4 dxe4 19. Qg4 f6 20. Nc4 Bb8 21. Rfd1 Rcd8 22. Nc3 Rd3 23. h4 Rfd8 24. h5 h6 25. Kh2 Nc7 26. Na4 Ne6 27. Bc3 a6 28.
Nab2 Rxd1 29. Rxd1 Rxd1 30. Nxd1 Nf8 31. Nf2 Qe6 32. Qg3 f5 33. Qxg7# 1-0

[Event "*** Titled Tuesday Blitz"]
[Site "Chess.com"]
[Date "2021.02.16"]
[Round "1"]
[White "DonPreuss"]
[Black "Aradhya2000"]
[Result "0-1"]
[WhiteElo "2257"]
[BlackElo "2572"]
[TimeControl "180+1"]
[EndTime "10:07:10 PST"]
[Termination "Aradhya2000 won by resignation"]

1. d4 d5 2. e4 dxe4 3. Nc3 Nf6 4. f3 e5 5. dxe5 Qxd1+ 6. Kxd1 Nfd7 7. Nd5 exf3 8. Nxc7+ Kd8 9. Nxa8 f2 10. Nf3 Bc5 11. Bf4 b6 12. e6 fxe6 13. Nc7 Nf6 14. Nxe6+ Bxe6 15. Bxb8 Kc8 16. Bf4 Rd8+ 17. Bd3 Nd5 18. Bg5 Re8 19. c3 Bg4 20. Kc2 h6 21. Bd2 Be3 22. h3 Bh5 23. Rhf1 Bc5 24. Nd4 Bxd4 25. cxd4 Kb7 26. Kb3 Be2 27. Bxe2 Rxe2 28. Rad1 b5 29. Bc3 Ne3 30. Rd2 Rxd2 31. Bxd2 Nxf1 32. Kc2 0-1

[Event "*** Titled Tuesday Blitz"]
[Site "Chess.com"]
[Date "2021.02.16"]
[Round "1"]
[White "xberli"]
[Black "WiktoriaPOL"]
[Result "1-0"]
[WhiteElo "2484"]
[BlackElo "2023"]
[TimeControl "180+1"]
[EndTime "10:07:10 PST"]
[Termination "xberli won by resignation"]

1. b3 e5 2. Bb2 Nc6 3. c4 d5 4. cxd5 Qxd5 5. Nc3 Qd7 6. g3 Nf6 7. Bg2 Bc5 8. Nf3 O-O 9. d3 Re8 10. O-O b6 11. a3 a5 12. Rc1 Bb7 13. Na4 Bd6 14.
Nd2 Nd8 15. Ne4 Nxe4 16. dxe4 Nc6 17. e3 Red8 18. Qc2 Qe7 19. Ra1 Na7 20. Nc3 Ba6 21. Rfd1 Nb5 22. Nd5 Qd7 23. h4 Rab8 24. Kh2 c6 25.
Bh3 Qb7 26. Nc3 Nxc3 27. Bxc3 Bc7 28. Qb2 Rxd1 29. Rxd1 f6 30. b4 axb4 31. axb4 Bc4 32. Rd7 Rd8 33. Qd2 Qc8 34. Rxg7+ Kxg7 35. Bxc8 Rxd2 36. Bxd2 Bd6 37. Bb7 c5 38. bxc5 Bxc5 39. Bd5 b5 40. Bxc4 bxc4 41. Kg2 Kf7 42. Kf3 Ke7 43.
Ke2 Kd6 44. Bc3 Kc6 45. f4 Kb5 46. fxe5 Bb4 47. Bxb4 Kxb4 48. exf6 c3 49. f7 Kb3 50. f8=Q c2 51. Qb8+ Ka2 52. Qc7 Kb2 53. Qxc2+ Kxc2 54. e5 Kc3 55. e6 1-0

[Event "*** Titled Tuesday Blitz"]
[Site "Chess.com"]
[Date "2021.02.16"]
[Round "1"]
[White "LawrenceTrent"]
[Black "andrewtnb"]
[Result "1-0"]
[WhiteElo "2597"]
[BlackElo "2293"]
[TimeControl "180+1"]
[EndTime "10:07:13 PST"]
[Termination "LawrenceTrent won by resignation"]

1. d4 f5 2. Bg5 c6 3. Nd2 Qc7 4. Ngf3 h6 5. Bh4 g5 6. Nxg5 hxg5 7. Bxg5 Bg7 8. Nf3 Nf6 9. e3 Ne4 10. Bf4 d6 11. Bd3 Nd7 12. Bxe4 fxe4 13. Ng5 Nf6 14. c4 Qa5+ 15. Kf1 Bg4 16. Qb3 Qb6 17. Qc2 Nh5 18.
Qxe4 Qxb2 19. Rb1 Qe2+ 20. Kg1 Nxf4 21. Qxf4 Rf8 22. Qg3 O-O-O 23. h3 Bf5 24. Rb3 Qxc4 25. Kh2 Rd7 26. e4 Bxd4 27. f4 Bg6 28. Rd1 Bb6 29. f5 Bh5 30. Ne6 Rh8 31. Rc3 Qxa2 32. Rdc1 Bf2 33.
Qg7 Re8 34. Qg5 Be2 35. R1c2 Bb5 36. Rxa2 Bd4 37. Nxd4 1-0